TOP OF THE 1ST |
Wisconsin Timber Rattlers batting - Pitching for Peoria Chiefs : RHP Dwain Ashford
|
Pitching: RHP Dwain Ashford
|
|
Batting: RHB Chris Maul
|
0-0: Ball 1-0: Fly out, F7 (Flyball, 78D, EV 99.4 MPH)
|
Batting: RHB Ryan Miller
|
0-0: Ball 1-0: Foul Ball, location: 2F 1-1: Ground out 4-3 (Groundball, 4, EV 105.0 MPH)
|
Batting: SHB Justin Hensley
|
0-0: Ball 1-0: Ball 2-0: Fly out, F9 (Flyball, 89M, EV 83.1 MPH)
|
Top of the 1st over - 0 runs, 0 hits, 0 errors, 0 left on base; Wisconsin 0 - Peoria 0 |
BOTTOM OF THE 1ST |
Peoria Chiefs batting - Pitching for Wisconsin Timber Rattlers : LHP Mike Moffett
|
Pitching: LHP Mike Moffett
|
|
Batting: LHB Tsutomu Miyahara
|
0-0: Swinging Strike 0-1: Swinging Strike 0-2: Foul Ball, location: 2F 0-2: Ball 1-2: Strikes out swinging
|
Batting: RHB Tommy Tracy
|
0-0: Swinging Strike 0-1: Foul Ball, location: 2F 0-2: Ball 1-2: Ball 2-2: Ball 3-2: Base on Balls
|
Batting: SHB Gerardo Macias
|
0-0: Ball 1-0: Foul Ball, location: 2F 1-1: Foul Ball, location: 2F 1-2: Grounds into double play, 6-4-3 (Groundball, 6, EV 89.4 MPH)
|
Bottom of the 1st over - 0 runs, 0 hits, 0 errors, 0 left on base; Wisconsin 0 - Peoria 0 |
TOP OF THE 2ND |
Wisconsin Timber Rattlers batting - Pitching for Peoria Chiefs : RHP Dwain Ashford
|
Batting: LHB Karel Hort
|
0-0: Called Strike 0-1: Foul Ball, location: 2F 0-2: Strikes out swinging
|
Batting: RHB Alfredo Sena
|
0-0: Ball 1-0: Swinging Strike 1-1: Ball 2-1: Ball 3-1: Called Strike 3-2: Strikes out looking
|
Batting: LHB Mark Backstrom
|
0-0: Ball 1-0: SOLO HOME RUN (Flyball, 89XD, EV 103.8 MPH), Distance : 415 ft
|
Batting: RHB Dan Allred
|
0-0: Foul Ball, location: 2F 0-1: Foul Ball, location: 2F 0-2: Foul Ball, location: 2F 0-2: Foul Ball, location: 2F 0-2: Ball 1-2: Strikes out looking
|
Top of the 2nd over - 1 run, 1 hit, 0 errors, 0 left on base; Wisconsin 1 - Peoria 0 |
BOTTOM OF THE 2ND |
Peoria Chiefs batting - Pitching for Wisconsin Timber Rattlers : LHP Mike Moffett
|
Batting: RHB Robby Hickman
|
0-0: Foul Ball, location: 2F 0-1: Swinging Strike 0-2: Ball 1-2: Strikes out swinging
|
Batting: RHB Edgar Landim
|
0-0: Foul Ball, location: 2F 0-1: Swinging Strike 0-2: Ball 1-2: Ball 2-2: Strikes out looking
|
Batting: LHB Dana McDonald
|
0-0: Called Strike 0-1: Called Strike 0-2: Ball 1-2: Ball 2-2: Ball 3-2: Base on Balls
|
Batting: RHB Kalidas Mishra
|
0-0: Ground out 5-3 (Groundball, 56S, EV 78.1 MPH)
|
Bottom of the 2nd over - 0 runs, 0 hits, 0 errors, 1 left on base; Wisconsin 1 - Peoria 0 |
TOP OF THE 3RD |
Wisconsin Timber Rattlers batting - Pitching for Peoria Chiefs : RHP Dwain Ashford
|
Batting: RHB Jonathan Sarles
|
0-0: Ball 1-0: Ball 2-0: Called Strike 2-1: Swinging Strike 2-2: Ball 3-2: Ground out U3 (Groundball, 34S, EV 88.8 MPH)
|
Batting: RHB Michael Dickerson
|
0-0: Ball 1-0: SINGLE (Groundball, 34S, EV 89.4 MPH) (infield hit)
|
Batting: RHB Chris Maul
|
0-0: Swinging Strike 0-1: Ball 1-1: Ball 2-1: Ball 3-1: Base on Balls Michael Dickerson to second
|
Batting: RHB Ryan Miller
|
0-0: Called Strike 0-1: Ball 1-1: Foul Ball, location: 2F 1-2: Fielders Choice at 2nd, 4-6 (Groundball, 4, EV 91.9 MPH) Michael Dickerson to third
|
Batting: SHB Justin Hensley
|
0-0: Called Strike 0-1: Called Strike 0-2: Foul Ball, location: 2F 0-2: Strikes out swinging
|
Top of the 3rd over - 0 runs, 1 hit, 0 errors, 2 left on base; Wisconsin 1 - Peoria 0 |
BOTTOM OF THE 3RD |
Peoria Chiefs batting - Pitching for Wisconsin Timber Rattlers : LHP Mike Moffett
|
Batting: RHB Josh Broome
|
0-0: Foul Ball, location: 2F 0-1: Foul Ball, location: 2F 0-2: Ball 1-2: Foul Ball, location: 2F 1-2: SINGLE (Groundball, 4MD, EV 103.8 MPH)
|
Batting: RHB Richard Riggs
|
0-0: Ball 1-0: Foul Ball, location: 2F 1-1: Ball 2-1: DOUBLE (Groundball, 5L, EV 100.6 MPH) Josh Broome to third Runner from 3rd tries for Home, SAFE, no throw by LF
|
Batting: LHB Tsutomu Miyahara
|
0-0: Hit by Pitch
|
Batting: RHB Tommy Tracy
|
0-0: Ball Wild Pitch! Richard Riggs to third Tsutomu Miyahara to second 1-0: Foul Ball, location: 2F 1-1: Ball 2-1: Foul Ball, location: 2F 2-2: Foul Ball, location: 2F 2-2: Ball 3-2: SINGLE (Groundball, 56S, EV 67.5 MPH) (infield hit) Richard Riggs scores Tsutomu Miyahara to third
|
Batting: SHB Gerardo Macias
|
0-0: Ball 1-0: Ball 2-0: Ball 3-0: Base on Balls Tommy Tracy to second
|
Batting: RHB Robby Hickman
|
0-0: Called Strike 0-1: Swinging Strike 0-2: Ball 1-2: Foul Ball, location: 2F 1-2: Ball 2-2: Fly out, F8 (Flyball, 8LM, EV 90.0 MPH) Runner from 3rd tags up, OUT at HOME! 8-2 Tommy Tracy to third Gerardo Macias to second
|
Batting: RHB Edgar Landim
|
0-0: Ball 1-0: SINGLE (Groundball, 6MD, EV 104.4 MPH) Tommy Tracy scores Gerardo Macias to third Runner from 3rd tries for Home, SAFE, throw by CF to home
|
Batting: LHB Dana McDonald
|
0-0: Ball 1-0: Called Strike 1-1: Foul Ball, location: 2F 1-2: Foul Ball, location: 2F 1-2: Foul Ball, location: 2F 1-2: Strikes out swinging
|
Bottom of the 3rd over - 4 runs, 4 hits, 0 errors, 1 left on base; Wisconsin 1 - Peoria 4 |
TOP OF THE 4TH |
Wisconsin Timber Rattlers batting - Pitching for Peoria Chiefs : RHP Dwain Ashford
|
Batting: LHB Karel Hort
|
0-0: Foul Ball, location: 2F 0-1: Ball 1-1: Foul Ball, location: 2F 1-2: Foul Ball, location: 2F 1-2: Ball 2-2: Strikes out swinging, 2-3 out at first.
|
Batting: RHB Alfredo Sena
|
0-0: Foul Ball, location: 2F 0-1: Foul Ball, location: 2F 0-2: Strikes out swinging
|
Batting: LHB Mark Backstrom
|
0-0: Ball 1-0: Called Strike 1-1: Ball 2-1: SINGLE (Groundball, 56D, EV 104.4 MPH)
|
Batting: RHB Dan Allred
|
Pickoff Throw to First - Out! 1-3
|
Top of the 4th over - 0 runs, 1 hit, 0 errors, 0 left on base; Wisconsin 1 - Peoria 4 |
BOTTOM OF THE 4TH |
Peoria Chiefs batting - Pitching for Wisconsin Timber Rattlers : LHP Mike Moffett
|
Batting: RHB Kalidas Mishra
|
0-0: Ball 1-0: Ball 2-0: Called Strike 2-1: Foul Ball, location: 2F 2-2: Strikes out looking
|
Batting: RHB Josh Broome
|
0-0: Called Strike 0-1: Ball 1-1: Ball 2-1: Ball 3-1: Base on Balls
|
Batting: RHB Richard Riggs
|
0-0: Foul Ball, location: 2F 0-1: Ball 1-1: SINGLE (Groundball, 6MD, EV 105.0 MPH) Josh Broome to second Runner from 2nd tries for 3rd, SAFE, throw by CF made to third
|
Batting: LHB Tsutomu Miyahara
|
0-0: Ball 1-0: Called Strike 1-1: Foul Ball, location: 2F 1-2: Ball 2-2: Fly out, F9 (Line Drive, 89D, EV 106.9 MPH) Runner from 3rd tags up, SCORES, no throw by RF
|
Batting: RHB Tommy Tracy
|
0-0: Swinging Strike 0-1: Foul Ball, location: 2F 0-2: Foul Ball, location: 2F 0-2: Strikes out looking
|
Bottom of the 4th over - 1 run, 1 hit, 0 errors, 1 left on base; Wisconsin 1 - Peoria 5 |
TOP OF THE 5TH |
Wisconsin Timber Rattlers batting - Pitching for Peoria Chiefs : RHP Dwain Ashford
|
Batting: RHB Dan Allred
|
0-0: Ball 1-0: Foul Ball, location: 2F 1-1: Foul Ball, location: 2F 1-2: Foul Ball, location: 2F 1-2: Ground out 4-3 (Groundball, 4M, EV 85.0 MPH)
|
Batting: RHB Jonathan Sarles
|
0-0: Foul Ball, location: 2F 0-1: Foul Ball, location: 2F 0-2: SOLO HOME RUN (Flyball, 8LXD, EV 107.5 MPH), Distance : 413 ft
|
Batting: RHB Michael Dickerson
|
0-0: Ball 1-0: Foul Ball, location: 2F 1-1: Ground out 4-3 (Groundball, P, EV 86.2 MPH)
|
Batting: RHB Chris Maul
|
0-0: Ball 1-0: Ball 2-0: Ball 3-0: Called Strike 3-1: Foul Ball, location: 2F 3-2: Strikes out looking
|
Top of the 5th over - 1 run, 1 hit, 0 errors, 0 left on base; Wisconsin 2 - Peoria 5 |
BOTTOM OF THE 5TH |
Peoria Chiefs batting - Pitching for Wisconsin Timber Rattlers : LHP Mike Moffett
|
Batting: SHB Gerardo Macias
|
0-0: Foul Ball, location: 2F 0-1: Foul Ball, location: 2F 0-2: Ball 1-2: Ground out 6-3 (Groundball, 6, EV 106.9 MPH)
|
Pitching: RHP Settan Suzuki
|
|
Batting: RHB Robby Hickman
|
0-0: Called Strike 0-1: Ball 1-1: Ground out 4-3 (Groundball, 4M, EV 108.8 MPH)
|
Batting: RHB Edgar Landim
|
0-0: Called Strike 0-1: Ball 1-1: Ball 2-1: Foul Ball, location: 2F 2-2: Strikes out swinging
|
Bottom of the 5th over - 0 runs, 0 hits, 0 errors, 0 left on base; Wisconsin 2 - Peoria 5 |
TOP OF THE 6TH |
Wisconsin Timber Rattlers batting - Pitching for Peoria Chiefs : RHP Dwain Ashford
|
Batting: RHB Ryan Miller
|
0-0: Called Strike 0-1: Ball 1-1: Foul Ball, location: 2F 1-2: Ball 2-2: Fly out, F8 (Flyball, 89M, EV 76.9 MPH)
|
Batting: SHB Justin Hensley
|
0-0: Ball 1-0: Ground out 4-3 (Groundball, 4, EV 101.2 MPH)
|
Batting: LHB Karel Hort
|
0-0: Ball 1-0: DOUBLE (Line Drive, 3D, EV 105.0 MPH)
|
Pitching: RHP Juan Gomez
|
|
Batting: RHB Alfredo Sena
|
0-0: Called Strike 0-1: Foul Ball, location: 2F 0-2: Ball 1-2: Foul Ball, location: 2F 1-2: Ball 2-2: Foul Ball, location: 2F 2-2: Foul Ball, location: 2F 2-2: Foul Ball, location: 2F 2-2: Ball 3-2: Foul Ball, location: 2F 3-2: Foul Ball, location: 2F 3-2: Strikes out looking
|
Top of the 6th over - 0 runs, 1 hit, 0 errors, 1 left on base; Wisconsin 2 - Peoria 5 |
BOTTOM OF THE 6TH |
Peoria Chiefs batting - Pitching for Wisconsin Timber Rattlers : RHP Settan Suzuki
|
Batting: LHB Dana McDonald
|
0-0: Swinging Strike 0-1: Swinging Strike 0-2: Ball 1-2: Ball 2-2: Foul Ball, location: 2F 2-2: Strikes out swinging
|
Batting: RHB Kalidas Mishra
|
0-0: Ground out 6-3 (Groundball, 6, EV 103.8 MPH)
|
Batting: RHB Josh Broome
|
0-0: Swinging Strike 0-1: Called Strike 0-2: Ball 1-2: Fly out, F8 (Flyball, 8LD, EV 87.5 MPH)
|
Bottom of the 6th over - 0 runs, 0 hits, 0 errors, 0 left on base; Wisconsin 2 - Peoria 5 |
TOP OF THE 7TH |
Wisconsin Timber Rattlers batting - Pitching for Peoria Chiefs : RHP Juan Gomez
|
Batting: LHB Mark Backstrom
|
0-0: Swinging Strike 0-1: Called Strike 0-2: Ball 1-2: Strikes out swinging
|
Batting: RHB Dan Allred
|
0-0: Called Strike 0-1: Ball 1-1: Ball 2-1: Ball 3-1: SINGLE (Groundball, 6MS, EV 94.4 MPH) (infield hit)
|
Batting: RHB Jonathan Sarles
|
0-0: Called Strike 0-1: Grounds into double play, 6-4-3 (Groundball, 6, EV 103.1 MPH)
|
Top of the 7th over - 0 runs, 1 hit, 0 errors, 0 left on base; Wisconsin 2 - Peoria 5 |
BOTTOM OF THE 7TH |
Peoria Chiefs batting - Pitching for Wisconsin Timber Rattlers : RHP Settan Suzuki
|
Batting: RHB Richard Riggs
|
0-0: Ground out 6-3 (Groundball, 6M, EV 91.9 MPH)
|
Batting: LHB Tsutomu Miyahara
|
0-0: Ball 1-0: Called Strike 1-1: Swinging Strike 1-2: Strikes out swinging
|
Batting: RHB Tommy Tracy
|
0-0: Hit by Pitch
|
Batting: SHB Gerardo Macias
|
0-0: Foul Ball, location: 2F 0-1: Ball 1-1: Called Strike Tommy Tracy is caught stealing 2nd base 2-6
|
Bottom of the 7th over - 0 runs, 0 hits, 0 errors, 0 left on base; Wisconsin 2 - Peoria 5 |
TOP OF THE 8TH |
Wisconsin Timber Rattlers batting - Pitching for Peoria Chiefs : RHP Juan Gomez
|
Pitching: RHP Nick Butler
|
|
Batting: RHB Michael Dickerson
|
0-0: Ball 1-0: Ball 2-0: Ball 3-0: Called Strike 3-1: Ground out 4-3 (Groundball, 4MD, EV 101.2 MPH)
|
Batting: RHB Chris Maul
|
0-0: Called Strike 0-1: Reached on error, E6 (Groundball, 6, EV 103.8 MPH)
|
Batting: RHB Ryan Miller
|
0-0: Ball 1-0: Fielders Choice at 2nd, 4-6 (Groundball, 4, EV 81.9 MPH)
|
Batting: SHB Justin Hensley
|
0-0: Fly out, F5 (Line Drive, 5L, EV 67.5 MPH)
|
Top of the 8th over - 0 runs, 0 hits, 1 error, 1 left on base; Wisconsin 2 - Peoria 5 |
BOTTOM OF THE 8TH |
Peoria Chiefs batting - Pitching for Wisconsin Timber Rattlers : RHP Settan Suzuki
|
Pitching: RHP Tony Acevedo
|
|
Batting: SHB Gerardo Macias
|
0-0: Ball 1-0: Foul Ball, location: 2F 1-1: Ground out 4-3 (Groundball, 4, EV 78.1 MPH)
|
Batting: RHB Robby Hickman
|
0-0: Swinging Strike 0-1: Ground out 4-3 (Groundball, 4, EV 88.1 MPH)
|
Batting: RHB Edgar Landim
|
0-0: Called Strike 0-1: Foul Ball, location: 2F 0-2: Ball 1-2: Ball 2-2: Ball 3-2: Foul Ball, location: 2F 3-2: Foul Ball, location: 2F 3-2: Ground out 4-3 (Groundball, 4, EV 104.4 MPH)
|
Bottom of the 8th over - 0 runs, 0 hits, 0 errors, 0 left on base; Wisconsin 2 - Peoria 5 |
TOP OF THE 9TH |
Wisconsin Timber Rattlers batting - Pitching for Peoria Chiefs : RHP Nick Butler
|
Batting: LHB Karel Hort
|
0-0: Ball 1-0: Ball 2-0: Called Strike 2-1: Foul Ball, location: 2F 2-2: Ground out 4-3 (Groundball, 4, EV 106.2 MPH)
|
Batting: RHB Alfredo Sena
|
0-0: Ball 1-0: Called Strike 1-1: Ball 2-1: Ball 3-1: Foul Ball, location: 2F 3-2: Base on Balls
|
Batting: LHB Mark Backstrom
|
0-0: Swinging Strike 0-1: Foul Ball, location: 2F 0-2: Ball Wild Pitch! Alfredo Sena to second 1-2: Strikes out swinging
|
Pinch Hitting: LHB Tyler Francis
|
0-0: Foul Ball, location: 2F 0-1: Ball 1-1: Ball 2-1: Swinging Strike 2-2: Fly out, F5 (Popup, 6, EV 64.4 MPH)
|
Top of the 9th over - 0 runs, 0 hits, 0 errors, 1 left on base; Wisconsin 2 - Peoria 5 |
|